3019 views
Uploaded 2019-12-01 21:18:16
Game version 1.32.0.2 / 1.32.0.2.1
9:50 long 1on1 ladder game on (2)TerenasStand_LV
Saved by iggythefisk
3019 views
Uploaded 2019-12-01 21:18:16
Game version 1.32.0.2 / 1.32.0.2.1
9:50 long 1on1 ladder game on (2)TerenasStand_LV

20 units @ 2.7k
/ 0.1k
9 buildings @ 1.5k
/ 0.3k

| Healing Salve | 1 | 100 |
| Lesser Clarity Potion | 1 | 70 |
| Scroll of Speed | 1 | 50 |
| total: | 3 | 220g |
| Peon | 7 | 525 | / | 0 |
| Grunt | 6 | 1200 | / | 0 |
| Troll Headhunter | 7 | 980 | / | 140 |
| total: | 20 | 2705g | / | 140w |
| Altar of Storms | 1 | 180 | / | 50 |
| Orc Burrow | 5 | 800 | / | 200 |
| Voodoo Lounge | 1 | 130 | / | 30 |
| Barracks | 1 | 180 | / | 50 |
| War Mill | 1 | 205 | / | 0 |
| total: | 9 | 1495g | / | 330w |
| 0:04 | Peon |
| 0:04 | Peon |
| 0:04 | Peon |
| 0:10 | Altar of Storms |
| 0:21 | Orc Burrow |
| 0:52 | Voodoo Lounge |
| 0:56 | Peon |
| 0:58 | Peon |
| 1:23 | Peon |
| 1:29 | Peon |
| 1:52 | Barracks |
| 2:02 | Orc Burrow |
| 2:14 | Healing Salve |
| 2:14 | Lesser Clarity Potion |
| 2:26 | Wind Walk |
| 2:37 | War Mill |
| 3:00 | Grunt |
| 3:40 | Grunt |
| 4:05 | Scroll of Speed |
| 4:07 | Grunt |
| 4:15 | Troll Headhunter |
| 4:43 | Troll Headhunter |
| 5:00 | Orc Burrow |
| 6:00 | Grunt |
| 6:00 | Grunt |
| 6:02 | Troll Headhunter |
| 6:02 | Troll Headhunter |
| 6:16 | Critical Strike |
| 6:51 | Troll Headhunter |
| 6:51 | Troll Headhunter |
| 6:52 | Troll Headhunter |
| 6:53 | Grunt |
| 7:51 | Orc Burrow |
| 7:53 | Orc Burrow |
| Right click | 677 |
| Select | 163 |
| Chat | 93 |
| Build/train/purchase | 39 |
| Select group | 21 |
| Misc. action | 19 |
| Use ability | 4 |
| Assign group | 2 |
| Remove unit | 2 |
/ 0k
24 buildings @ 1.4k
/ 0.5k

| Peasant | 21 | 1575 | / | 0 |
| Footman | 10 | 1350 | / | 0 |
| total: | 31 | 2925g | / | 0w |
| Scout Tower | 15 | 450 | / | 300 |
| Arcane Tower | 2 | 140 | / | 100 |
| Guard Tower | 8 | 560 | / | 400 |
| Altar of Kings | 1 | 180 | / | 50 |
| Barracks | 1 | 160 | / | 60 |
| Farm | 5 | 400 | / | 100 |
| Arcane Vault | 1 | 130 | / | 30 |
| Lumber Mill | 1 | 120 | / | 0 |
| total: | 24 | 1440g | / | 540w |
| 0:01 | Peasant |
| 0:04 | Altar of Kings |
| 0:06 | Peasant |
| 0:16 | Peasant |
| 0:18 | Barracks |
| 0:33 | Farm |
| 0:34 | Peasant |
| 0:42 | Peasant |
| 0:53 | Peasant |
| 1:12 | Farm |
| 1:19 | Footman |
| 1:21 | Peasant |
| 1:45 | Arcane Vault |
| 1:57 | Scout Tower |
| 2:06 | Summon Water Elemental |
| 2:20 | Peasant |
| 2:33 | Arcane Tower |
| 2:35 | Peasant |
| 2:46 | Peasant |
| 2:50 | Footman |
| 2:57 | Brilliance Aura |
| 3:01 | Footman |
| 3:35 | Peasant |
| 3:58 | Lumber Mill |
| 3:59 | Peasant |
| 4:00 | Peasant |
| 4:17 | Farm |
| 4:42 | Footman |
| 4:44 | Peasant |
| 4:59 | Peasant |
| 5:06 | Scout Tower |
| 5:11 | Scout Tower |
| 5:12 | Scout Tower |
| 5:13 | Scout Tower |
| 5:18 | Scout Tower |
| 5:22 | Scout Tower |
| 5:27 | Scout Tower |
| 5:29 | Footman |
| 5:33 | Scout Tower |
| 5:35 | Scout Tower |
| 5:35 | Peasant |
| 5:48 | Guard Tower |
| 5:48 | Guard Tower |
| 6:00 | Footman |
| 6:06 | Guard Tower |
| 6:12 | Peasant |
| 6:12 | Guard Tower |
| 6:15 | Peasant |
| 6:30 | Guard Tower |
| 6:37 | Peasant |
| 6:42 | Peasant |
| 6:53 | Scout Tower |
| 7:02 | Scout Tower |
| 7:09 | Farm |
| 7:33 | Guard Tower |
| 7:38 | Scout Tower |
| 7:41 | Arcane Tower |
| 7:53 | Scout Tower |
| 8:03 | Summon Water Elemental |
| 8:06 | Guard Tower |
| 8:09 | Scout Tower |
| 8:42 | Footman |
| 8:42 | Footman |
| 8:43 | Farm |
| 8:49 | Guard Tower |
| 9:03 | Peasant |
| 9:06 | Footman |
| 9:43 | Footman |
| Right click | 518 |
| Select | 271 |
| Assign group | 260 |
| Select group | 186 |
| Chat | 86 |
| Build/train/purchase | 83 |
| Misc. action | 9 |
| Use ability | 1 |